Red Wings vs Penguins

Created - 23 janvier 2018 at 16:09

Goals
1 2 3 T
Red Wings 1 4 1 6
Penguins 0 2 2 4
Shots
1 2 3 T
Red Wings 14 14 10 38
Penguins 7 15 14 36

1st period

1. Red Wings , Sam Gagner 9 (John Carlson 16, Brandon Dubinsky 17) at 17:29

Penalties :
Markus Granlund (PIT) for Boarding (Minor) at 14:00

2nd period

2. Red Wings , John Tavares 25 (Mark Scheifele 33) at 0:22
3. Penguins , Tyler Myers 3 (Markus Granlund 7) at 1:24 (PP)
4. Red Wings , Mark Scheifele 18 (John Tavares 23) at 6:26
5. Penguins , Markus Granlund 8 (Dmitry Orlov 8, Marian Gaborik 6) at 7:24
6. Red Wings , Mark Scheifele 19 (John Tavares 24, David Pastrnak 22) at 12:26 (PP)
7. Red Wings , Nick Bonino 10 (Jake DeBrusk 5, Dion Phaneuf 12) at 13:10

Penalties :
Dion Phaneuf (DET) for Holding Stick (Minor) at 0:46, Dmitry Orlov (PIT) for Hooking (Minor) at 12:11, Niklas Kronwall (PIT) for Roughing (Double Minor) at 13:23

3rd period

8. Penguins , Marcus Foligno 5 (Benoit Pouliot 7, Niklas Kronwall 7) at 9:42
9. Penguins , Markus Granlund 9 (Shane Doan 7) at 11:49 (PP)
10. Red Wings , Mark Scheifele 20 (John Tavares 25) at 18:00

Penalties :
Brandon Dubinsky (DET) for Hooking (Minor) at 6:27, Dion Phaneuf (DET) for Hooking (Minor) at 10:56

Goalie Stats

James Reimer (DET), 32 saves from 36 shots - (0,889), W, 16-14-3, 60:00 minutes
Zane McIntyre (PIT), 32 saves from 38 shots - (0,842), L, 3-5-1, 60:00 minutes

Players Stats for Red Wings

Player Name              G  A  P  +/- PIM S  H  SB GA TA FO     MP     PP MP  PK MP  
------------------------------------------------------------------------------------
Ben Hutton               0  0  0   0  0   0  0  2  0  0  0/0    14:01   3:26   0:00 
Brandon Dubinsky         0  1  1   1  2   0  0  0  0  1  8/14   17:13   2:18   0:03 
Cedric Paquette          0  0  0   0  0   1  0  0  0  0  0/1    10:02   1:01   2:27 
Christian Djoos          0  0  0   0  0   2  0  2  0  0  0/0    11:49   0:39   0:00 
Connor Murphy            0  0  0   1  0   0  1  1  0  0  0/0    18:50   0:40   2:41 
David Pastrnak           0  1  1   1  0   1  1  0  3  0  0/0    17:09   2:54   0:27 
Dion Phaneuf             0  1  1   2  4   2  1  1  1  1  0/0    27:07   2:07   0:49 
Jake DeBrusk             0  1  1   0  0   3  1  0  0  0  0/0    11:27   1:01   0:00 
John Carlson             0  1  1   2  0   2  0  1  1  0  0/0    24:57   3:27   0:49 
John Tavares             1  3  4   2  0   3  2  0  2  0  23/33  21:53   2:54   0:20 
Lukas Sedlak             0  0  0   0  0   1  0  0  0  0  3/4     6:42   0:00   0:00 
Mark Scheifele           3  1  4   2  0   10 1  1  1  0  4/4    21:33   3:12   0:00 
Markus Hannikainen       0  0  0   0  0   4  0  0  0  0  0/0     6:19   0:00   0:00 
Matt Nieto               0  0  0   0  0   2  0  0  2  0  0/0    11:52   0:43   0:36 
Nick Bonino              1  0  1   0  0   1  1  1  0  0  9/12   13:36   0:00   2:27 
Oscar Lindberg           0  0  0   0  0   0  0  0  0  0  0/1     1:42   0:00   0:40 
Paul Martin              0  0  0   1  0   1  0  0  1  3  0/0    23:14   2:07   2:41 
Sam Gagner               1  0  1   1  0   3  5  0  0  0  0/0    16:05   2:18   0:00 
Tomas Tatar              0  0  0   2  0   2  1  0  1  0  1/2    20:56   2:18   0:00 

Players Stats for Penguins

Player Name              G  A  P  +/- PIM S  H  SB GA TA FO     MP     PP MP  PK MP  
------------------------------------------------------------------------------------
Andrew MacDonald         0  0  0  -3  0   2  0  1  0  2  0/0    24:49   2:47   3:42 
Auston Matthews          0  0  0   0  0   3  1  1  1  2  10/20  16:03   1:20   0:52 
Benoit Pouliot           0  1  1   1  0   0  0  0  0  0  0/0     8:50   0:05   1:52 
Brad Marchand            0  0  0  -2  0   4  1  1  2  0  0/2    20:54   1:30   0:16 
Dmitry Orlov             0  1  1   2  2   2  1  1  0  1  0/0    16:55   0:43   0:00 
Joel Armia               0  0  0  -2  0   0  0  0  0  0  0/0    12:50   0:00   2:49 
Leo Komarov              0  0  0  -2  0   4  3  0  0  1  2/3    20:40   0:00   1:16 
Marcus Foligno           1  0  1   1  0   1  0  0  0  0  0/0     6:45   0:00   0:00 
Marian Gaborik           0  1  1  -2  0   2  1  1  0  0  0/1    10:04   0:15   0:00 
Markus Granlund          2  1  3  -2  2   6  1  0  0  1  0/10   14:29   2:00   1:49 
Matt Irwin               0  0  0  -2  0   0  1  0  0  1  0/0    18:15   0:00   2:31 
Michael Grabner          0  0  0   0  0   3  1  1  1  0  2/2    15:46   1:55   0:00 
Mikael Granlund          0  0  0  -2  0   5  3  1  0  0  9/29   22:47   1:30   2:09 
Niklas Kronwall          0  1  1   2  4   0  0  0  0  1  0/0    17:19   0:43   0:00 
Shane Doan               0  1  1   0  0   2  4  1  0  0  0/1    15:46   1:55   0:00 
Tim Schaller             0  0  0   1  0   1  0  0  0  0  0/3     8:28   0:00   1:23 
Trevor van Riemsdyk      0  0  0  -2  0   0  0  1  0  1  0/0    18:15   0:00   2:31 
Tyler Myers              1  0  1  -3  0   1  4  1  1  2  0/0    24:49   2:47   3:42 

3 Stars

1 - Mark Scheifele (DET)
2 - John Tavares (DET)
3 - Sam Gagner (DET)

Power Play

Red Wings - 1 on 4 Attempt(s) - 25,00%
Penguins - 2 on 3 Attempt(s) - 66,67%

Penalty Kill

Red Wings - 1 on 3 Attempt(s) - 33,33% - Score 0 goal in Penalty Kill
Penguins - 3 on 4 Attempt(s) - 75,00% - Score 0 goal in Penalty Kill

Team Stat

Red Wings - Hits : 14 - Faceoff Wins : 48 - Blocked Shots : 9 - Penalty Minutes : 6
Penguins - Hits : 21 - Faceoff Wins : 23 - Blocked Shots : 10 - Penalty Minutes : 8

Official

Referees : Brad Meier and Steve Kozari
Linesman : Scott Driscoll and Shandor Alphonso

Game Notes

Mark Scheifele has scored a Hat Trick!

Finance

Level 1 -- Attendance: 5470 (91,17%) -- Ticket Income 464 950 $
Level 2 -- Attendance: 5000 (100,00%) -- Ticket Income 300 000 $
Level 3 -- Attendance: 1888 (94,40%) -- Ticket Income 66 080 $
Level 4 -- Attendance: 3834 (95,85%) -- Ticket Income 76 680 $
Luxury Box -- Attendance: 871 (87,10%) -- Ticket Income 156 780 $
Game was played at the Consol Energy Center.
Total Attendance: 17063 (94,79%)
Total Ticket Income: 1 064 490 $
Other Income: 521 600 $
Total Income: 1 586 090 $

Red Wings

5 vs 5 Forward 
   Center                   Left Wing                Right Wing               Time % Phy DF OF 
 1 John Tavares             Tomas Tatar              Mark Scheifele           42     1   2  2  
 2 Brandon Dubinsky         Sam Gagner               David Pastrnak           32     1   2  2  
 3 Nick Bonino              Jake DeBrusk             Matt Nieto               18     1   2  2  
 4 Lukas Sedlak             Markus Hannikainen       Cedric Paquette          8      2   2  1  

5 vs 5 Defense 
   Defense                  Defense                                           Time % Phy DF OF 
 1 John Carlson             Dion Phaneuf                                      40     2   2  1  
 2 Paul Martin              Connor Murphy                                     30     2   2  1  
 3 Christian Djoos          Ben Hutton                                        20     2   2  1  
 4 Paul Martin              Dion Phaneuf                                      10     1   2  2  

PowerPlay Forward 
   Center                   Left Wing                Right Wing               Time % Phy DF OF 
 1 John Tavares             David Pastrnak           Mark Scheifele           60     1   1  3  
 2 Brandon Dubinsky         Sam Gagner               Tomas Tatar              40     1   1  3  

PowerPlay Defense
   Defense                  Defense                                           Time % Phy DF OF 
 1 John Carlson             Ben Hutton                                        60     1   1  3  
 2 Paul Martin              Dion Phaneuf                                      40     1   1  3  

Penalty Kill 4 Players Forward 
   Center                   Wing                     Time % Phy DF OF 
 1 Nick Bonino              Cedric Paquette          60     1   3  1  
 2 Brandon Dubinsky         Matt Nieto               40     1   3  1  

Penalty Kill 4 Players Defense
   Defense                  Defense                  Time % Phy DF OF 
 1 Connor Murphy            Paul Martin              60     1   3  1  
 2 John Carlson             Dion Phaneuf             40     1   3  1  

Penalty Kill - 3 Players Forward 
   Forward                                           Time % Phy DF OF 
 1 Nick Bonino                                       60     1   4  0  
 2 Brandon Dubinsky                                  40     1   4  0  

Penalty Kill - 3 Players Defense
   Defense                  Defense                  Time % Phy DF OF 
 1 Connor Murphy            Paul Martin              60     1   4  0  
 2 John Carlson             Dion Phaneuf             40     1   4  0  

4 vs 4 Forward 
   Center                   Wing                     Time % Phy DF OF 
 1 John Tavares             David Pastrnak           60     1   2  2  
 2 Nick Bonino              Mark Scheifele           40     1   2  2  

4 vs 4 Defense
   Defense                  Defense                  Time % Phy DF OF 
 1 Dion Phaneuf             John Carlson             60     1   2  2  
 2 Christian Djoos          Connor Murphy            40     1   2  2  

Last Minutes Offensive
   Center                   Left Wing                Right Wing               Defense                  Defense                  
   John Tavares             David Pastrnak           Mark Scheifele           Dion Phaneuf             John Carlson             

Last Minutes Defensive
   Center                   Left Wing                Right Wing               Defense                  Defense                  
   Nick Bonino              Brandon Dubinsky         Matt Nieto               Dion Phaneuf             John Carlson             

Goaltenders
Starting : James Reimer             
Backup : Anders Nilsson           

Extra Forwards
Normal : John Tavares, Lukas Sedlak, Oscar Lindberg - PP : John Tavares, David Pastrnak - PK : Oscar Lindberg
Extra Defensemen
Normal : Connor Murphy, Christian Djoos, Ben Hutton - PP : Connor Murphy - PK : Connor Murphy, Ben Hutton
Penalty Shots
Nick Bonino, John Tavares, David Pastrnak, Tomas Tatar, Mark Scheifele
Custom OT Lines Forwards
John Tavares, David Pastrnak, Mark Scheifele, Cedric Paquette, Brandon Dubinsky, Tomas Tatar, Nick Bonino, Matt Nieto, Markus Hannikainen, Jake DeBrusk
Custom OT Lines Defensemen
Ben Hutton, Dion Phaneuf, John Carlson, Connor Murphy, Christian Djoos

Scratches
Bryce Van Brabant (Healthy), Joseph Blandisi (Healthy), Michael Zalewski (Healthy), Ryan Johnston (Healthy)

Penguins

5 vs 5 Forward 
   Center                   Left Wing                Right Wing               Time % Phy DF OF 
 1 Mikael Granlund          Brad Marchand            Leo Komarov              40     1   1  3  
 2 Auston Matthews          Michael Grabner          Shane Doan               30     1   2  2  
 3 Markus Granlund          Marian Gaborik           Joel Armia               20     1   2  2  
 4 Tim Schaller             Marcus Foligno           Benoit Pouliot           10     1   2  2  

5 vs 5 Defense 
   Defense                  Defense                                           Time % Phy DF OF 
 1 Tyler Myers              Andrew MacDonald                                  37     1   3  1  
 2 Dmitry Orlov             Niklas Kronwall                                   33     1   3  1  
 3 Matt Irwin               Trevor van Riemsdyk                               30     1   3  1  
 4 Trevor van Riemsdyk      Tyler Myers                                       0      1   3  1  

PowerPlay Forward 
   Center                   Left Wing                Right Wing               Time % Phy DF OF 
 1 Auston Matthews          Brad Marchand            Mikael Granlund          60     0   1  4  
 2 Markus Granlund          Michael Grabner          Shane Doan               40     0   1  4  

PowerPlay Defense
   Defense                  Defense                                           Time % Phy DF OF 
 1 Tyler Myers              Andrew MacDonald                                  60     0   1  4  
 2 Dmitry Orlov             Niklas Kronwall                                   40     1   1  3  

Penalty Kill 4 Players Forward 
   Center                   Wing                     Time % Phy DF OF 
 1 Markus Granlund          Joel Armia               60     1   2  2  
 2 Tim Schaller             Leo Komarov              40     1   2  2  

Penalty Kill 4 Players Defense
   Defense                  Defense                  Time % Phy DF OF 
 1 Tyler Myers              Andrew MacDonald         56     1   2  2  
 2 Matt Irwin               Trevor van Riemsdyk      44     1   2  2  

Penalty Kill - 3 Players Forward 
   Forward                                           Time % Phy DF OF 
 1 Tim Schaller                                      60     1   2  2  
 2 Markus Granlund                                   40     1   2  2  

Penalty Kill - 3 Players Defense
   Defense                  Defense                  Time % Phy DF OF 
 1 Tyler Myers              Andrew MacDonald         60     1   2  2  
 2 Dmitry Orlov             Niklas Kronwall          40     1   2  2  

4 vs 4 Forward 
   Center                   Wing                     Time % Phy DF OF 
 1 Mikael Granlund          Brad Marchand            60     1   2  2  
 2 Auston Matthews          Leo Komarov              40     1   2  2  

4 vs 4 Defense
   Defense                  Defense                  Time % Phy DF OF 
 1 Tyler Myers              Andrew MacDonald         60     1   2  2  
 2 Dmitry Orlov             Niklas Kronwall          40     1   2  2  

Last Minutes Offensive
   Center                   Left Wing                Right Wing               Defense                  Defense                  
   Mikael Granlund          Brad Marchand            Leo Komarov              Tyler Myers              Andrew MacDonald         

Last Minutes Defensive
   Center                   Left Wing                Right Wing               Defense                  Defense                  
   Mikael Granlund          Brad Marchand            Leo Komarov              Tyler Myers              Andrew MacDonald         

Goaltenders
Starting : Zane McIntyre            
Backup : Tuukka Rask              

Extra Forwards
Normal : Markus Granlund, Marian Gaborik, Joel Armia - PP : Markus Granlund, Marian Gaborik - PK : Joel Armia
Extra Defensemen
Normal : Matt Irwin, Tim Schaller, Trevor van Riemsdyk - PP : Matt Irwin - PK : Tim Schaller, Trevor van Riemsdyk
Penalty Shots
Brad Marchand, Mikael Granlund, Auston Matthews, Leo Komarov, Michael Grabner
Custom OT Lines Forwards
Brad Marchand, Mikael Granlund, Auston Matthews, Leo Komarov, Michael Grabner, Shane Doan, Markus Granlund, Marian Gaborik, Tim Schaller, Joel Armia
Custom OT Lines Defensemen
Tyler Myers, Andrew MacDonald, Dmitry Orlov, Niklas Kronwall, Matt Irwin

Scratches
Brian Boyle (Broken Left Foot Toe Injury), Roman Polak (Healthy), Matt Read (Healthy), Matt Hackett (Healthy)

% Time on Ice - Red Wings

Lines # - Real PCT - Wanted PCT - Time Play
Normal Forward
1 - 39% - 42% - 19:43
2 - 27% - 32% - 13:43
3 - 21% - 18% - 10:32
4 - 13% - 8% - 6:19
Normal Defense
1 - 43% - 40% - 21:31
2 - 31% - 30% - 15:22
3 - 21% - 20% - 10:35
4 - 6% - 10% - 2:49
PP Forward
1 - 63% - 60% - 3:55
2 - 37% - 40% - 2:18
PP Defense
1 - 66% - 60% - 4:06
2 - 34% - 40% - 2:07
PK Forward
1 - 83% - 60% - 2:54
2 - 17% - 40% - 0:36
PK Defense
1 - 77% - 60% - 2:41
2 - 23% - 40% - 0:49
PK3 Forward
1 - 0% - 60%
2 - 0% - 40%
PK3 Defense
1 - 0% - 60%
2 - 0% - 40%
44 Forward
1 - 0% - 60%
2 - 0% - 40%
44 Defense
1 - 0% - 60%
2 - 0% - 40%
Last Minute Offensive  - 0:00
Last Minute Defensive  - 0:00
Total
Forward - 60:00
Defense - 60:00

% Time on Ice - Penguins

Lines # - Real PCT - Wanted PCT - Time Play
Normal Forward
1 - 39% - 40% - 19:42
2 - 28% - 30% - 14:16
3 - 19% - 20% - 9:34
4 - 13% - 10% - 6:45
Normal Defense
1 - 36% - 37% - 18:20
2 - 32% - 33% - 16:13
3 - 31% - 30% - 15:44
4 - 0% - 0% - 0:00
PP Forward
1 - 43% - 60% - 1:30
2 - 57% - 40% - 2:00
PP Defense
1 - 80% - 60% - 2:47
2 - 20% - 40% - 0:43
PK Forward
1 - 80% - 60% - 4:57
2 - 20% - 40% - 1:16
PK Defense
1 - 60% - 56% - 3:42
2 - 40% - 44% - 2:31
PK3 Forward
1 - 0% - 60%
2 - 0% - 40%
PK3 Defense
1 - 0% - 60%
2 - 0% - 40%
44 Forward
1 - 0% - 60%
2 - 0% - 40%
44 Defense
1 - 0% - 60%
2 - 0% - 40%
Last Minute Offensive  - 0:00
Last Minute Defensive  - 0:00
Total
Forward - 60:00
Defense - 60:00

Play by Play

1st period


0:01 of 1st period - Mark Scheifele wins face-off versus Mikael Granlund in neutral zone.
0:54 of 1st period - Snap shot by Jake DeBrusk.
0:54 of 1st period - Stopped by Zane McIntyre without a rebound.
0:55 of 1st period - Lukas Sedlak wins face-off versus Tim Schaller in Penguins zone.
0:56 of 1st period - Snap shot by Markus Hannikainen.
0:56 of 1st period - Shot Misses the Net.
1:46 of 1st period - Sam Gagner is hit by Tyler Myers and loses puck.
2:05 of 1st period - Snap shot by Jake DeBrusk.
2:05 of 1st period - Stopped by Zane McIntyre without a rebound.
2:06 of 1st period - Nick Bonino wins face-off versus Markus Granlund in Penguins zone.
2:11 of 1st period - Snap shot by Jake DeBrusk.
2:11 of 1st period - Shot Misses the Net.
2:13 of 1st period - Slapshot by Christian Djoos.
2:13 of 1st period - Stopped by Zane McIntyre with a rebound.
2:15 of 1st period - Snap shot by Matt Nieto.
2:15 of 1st period - Shot Blocked by Dmitry Orlov.
2:17 of 1st period - Slapshot by Christian Djoos.
2:17 of 1st period - Stopped by Zane McIntyre without a rebound.
2:18 of 1st period - Mark Scheifele wins face-off versus Mikael Granlund in Penguins zone.
3:12 of 1st period - Dion Phaneuf is hit by Shane Doan and loses puck.
3:37 of 1st period - Backhand shot by Markus Hannikainen.
3:37 of 1st period - Stopped by Zane McIntyre without a rebound.
3:38 of 1st period - Leo Komarov wins face-off versus John Tavares in Penguins zone.
4:48 of 1st period - Wrist shot by Marcus Foligno.
4:48 of 1st period - Shot Misses the Net.
5:04 of 1st period - Connor Murphy is hit by Leo Komarov and loses puck.
5:11 of 1st period - Snap shot by Mikael Granlund.
5:11 of 1st period - Shot Misses the Net.
5:13 of 1st period - Snap shot by Leo Komarov.
5:13 of 1st period - Stopped by James Reimer without a rebound.
5:14 of 1st period - Brandon Dubinsky wins face-off versus Auston Matthews in Red Wings zone.
5:14 of 1st period - Brandon Dubinsky is hit by Dmitry Orlov.
6:06 of 1st period - Snap shot by Matt Nieto.
6:06 of 1st period - Stopped by Zane McIntyre without a rebound.
6:07 of 1st period - Auston Matthews wins face-off versus Nick Bonino in Penguins zone.
6:14 of 1st period - Slapshot by Shane Doan.
6:14 of 1st period - Stopped by James Reimer without a rebound.
6:15 of 1st period - Auston Matthews wins face-off versus John Tavares in Red Wings zone.
6:55 of 1st period - Christian Djoos is hit by Marian Gaborik and loses puck.
7:37 of 1st period - Slapshot by Dion Phaneuf.
7:37 of 1st period - Stopped by Zane McIntyre without a rebound.
7:38 of 1st period - John Tavares wins face-off versus Mikael Granlund in Penguins zone.
7:51 of 1st period - Wrist shot by Mikael Granlund.
7:51 of 1st period - Shot Misses the Net.
7:57 of 1st period - Tyler Myers is hit by Mark Scheifele and loses puck.
8:14 of 1st period - Snap shot by Sam Gagner.
8:14 of 1st period - Stopped by Zane McIntyre without a rebound.
8:15 of 1st period - Auston Matthews wins face-off versus Brandon Dubinsky in Penguins zone.
8:20 of 1st period - Snap shot by Michael Grabner.
8:20 of 1st period - Stopped by James Reimer with a rebound.
8:22 of 1st period - Snap shot by Dmitry Orlov.
8:22 of 1st period - Deflect By Auston Matthews.
8:22 of 1st period - Shot Blocked by Christian Djoos.
8:22 of 1st period - Puck is out of play.
8:23 of 1st period - Brandon Dubinsky wins face-off versus Auston Matthews in Red Wings zone.
8:55 of 1st period - Wrist shot by Michael Grabner.
8:55 of 1st period - Shot Misses the Net.
8:57 of 1st period - Slapshot by Dmitry Orlov.
8:57 of 1st period - Stopped by James Reimer without a rebound.
8:58 of 1st period - John Tavares wins face-off versus Mikael Granlund in Red Wings zone.
9:49 of 1st period - Tim Schaller is hit by David Pastrnak and loses puck.
11:16 of 1st period - Snap shot by Sam Gagner.
11:16 of 1st period - Deflect By Tim Schaller.
11:16 of 1st period - Stopped by Zane McIntyre without a rebound.
11:17 of 1st period - Brandon Dubinsky wins face-off versus Mikael Granlund in Penguins zone.
11:32 of 1st period - Off-side.
11:33 of 1st period - John Tavares wins face-off versus Auston Matthews in neutral zone.
11:36 of 1st period - Wrist shot by Tomas Tatar.
11:36 of 1st period - Shot Misses the Net.
11:38 of 1st period - Wrist shot by John Tavares.
11:38 of 1st period - Shot Misses the Net.
11:40 of 1st period - Wrist shot by Mark Scheifele.
11:40 of 1st period - Shot Misses the Net.
11:42 of 1st period - Slapshot by John Carlson.
11:42 of 1st period - Shot Blocked by Auston Matthews.
11:44 of 1st period - Snap shot by Mark Scheifele.
11:44 of 1st period - Stopped by Zane McIntyre with a rebound.
11:57 of 1st period - Icing by Shane Doan.
11:58 of 1st period - Auston Matthews wins face-off versus Brandon Dubinsky in Penguins zone.
12:05 of 1st period - Connor Murphy is hit by Leo Komarov.
12:09 of 1st period - Brandon Dubinsky is hit by Tyler Myers and loses puck.
12:55 of 1st period - Tyler Myers is hit by Nick Bonino and loses puck.
13:16 of 1st period - Snap shot by Markus Hannikainen.
13:16 of 1st period - Deflect By Lukas Sedlak.
13:16 of 1st period - Stopped by Zane McIntyre without a rebound.
13:17 of 1st period - John Tavares wins face-off versus Mikael Granlund in Penguins zone.
13:54 of 1st period - Slapshot by David Pastrnak.
13:54 of 1st period - Stopped by Zane McIntyre with a rebound.
14:00 of 1st period - Minor Penalty to Markus Granlund for Boarding.
14:01 of 1st period - John Tavares wins face-off versus Mikael Granlund in Penguins zone.
16:00 of 1st period - Penalty to Markus Granlund is over, Markus Granlund is back on ice.
16:17 of 1st period - Wrist shot by Leo Komarov.
16:17 of 1st period - Shot Misses the Net.
16:19 of 1st period - Snap shot by Dmitry Orlov.
16:19 of 1st period - Deflect By Markus Granlund.
16:19 of 1st period - Stopped by James Reimer without a rebound.
16:20 of 1st period - Lukas Sedlak wins face-off versus Auston Matthews in Red Wings zone.
16:20 of 1st period - Lukas Sedlak is hit by Shane Doan.
16:28 of 1st period - Christian Djoos is hit by Shane Doan and loses puck.
16:33 of 1st period - Slapshot by Auston Matthews.
16:33 of 1st period - Stopped by James Reimer with a rebound.
16:43 of 1st period - Leo Komarov is hit by Jake DeBrusk and loses puck.
17:21 of 1st period - Slapshot by David Pastrnak.
17:21 of 1st period - Shot Misses the Net.
17:23 of 1st period - Slapshot by Dion Phaneuf.
17:23 of 1st period - Shot Blocked by Marian Gaborik.
17:25 of 1st period - Slapshot by Dion Phaneuf.
17:25 of 1st period - Shot Blocked by Trevor van Riemsdyk.
17:27 of 1st period - Slapshot by Brandon Dubinsky.
17:27 of 1st period - Shot Misses the Net.
17:29 of 1st period - Slapshot by John Carlson.
17:29 of 1st period - Deflect By Sam Gagner.
17:29 of 1st period - Goal by Sam Gagner - Red Wings : 1 - Penguins : 0.
17:30 of 1st period - John Tavares wins face-off versus Mikael Granlund in neutral zone.
17:32 of 1st period - Off-side.
17:33 of 1st period - Mikael Granlund wins face-off versus John Tavares in neutral zone.
19:11 of 1st period - Wrist shot by John Tavares.
19:11 of 1st period - Stopped by Zane McIntyre without a rebound.
19:12 of 1st period - Mikael Granlund wins face-off versus John Tavares in Penguins zone.
19:29 of 1st period - Wrist shot by Brad Marchand.
19:29 of 1st period - Stopped by James Reimer without a rebound.
19:30 of 1st period - Auston Matthews wins face-off versus Brandon Dubinsky in Red Wings zone.
19:41 of 1st period - Auston Matthews is hit by Sam Gagner and loses puck.
19:56 of 1st period - Dion Phaneuf is hit by Leo Komarov and loses puck.
Goals for this period are 1 for Red Wings vs 0 for Penguins.
Shots for this period are 14 for Red Wings vs 7 for Penguins.

2nd period


0:01 of 2nd period - John Tavares wins face-off versus Mikael Granlund in neutral zone.
0:14 of 2nd period - Snap shot by Mark Scheifele.
0:14 of 2nd period - Stopped by Zane McIntyre without a rebound.
0:15 of 2nd period - John Tavares wins face-off versus Mikael Granlund in Penguins zone.
0:20 of 2nd period - Wrist shot by Mark Scheifele.
0:20 of 2nd period - Shot Blocked by Brad Marchand.
0:22 of 2nd period - Snap shot by John Tavares.
0:22 of 2nd period - Goal by John Tavares - Red Wings : 2 - Penguins : 0.
0:23 of 2nd period - Leo Komarov wins face-off versus John Tavares in neutral zone.
0:46 of 2nd period - Minor Penalty to Dion Phaneuf for Holding Stick.
0:47 of 2nd period - Nick Bonino wins face-off versus Auston Matthews in Red Wings zone.
0:58 of 2nd period - Paul Martin is hit by Mikael Granlund and loses puck.
1:07 of 2nd period - Nick Bonino is hit by Tyler Myers and loses puck.
1:24 of 2nd period - Wrist shot by Tyler Myers.
1:24 of 2nd period - Goal by Tyler Myers - Red Wings : 2 - Penguins : 1.
1:25 of 2nd period - Mikael Granlund wins face-off versus John Tavares in neutral zone.
2:06 of 2nd period - Icing by Matt Irwin.
2:07 of 2nd period - John Tavares wins face-off versus Auston Matthews in Penguins zone.
2:54 of 2nd period - Connor Murphy is hit by Shane Doan and loses puck.
3:35 of 2nd period - Snap shot by Michael Grabner.
3:35 of 2nd period - Stopped by James Reimer without a rebound.
3:36 of 2nd period - Brandon Dubinsky wins face-off versus Brad Marchand in Red Wings zone.
3:41 of 2nd period - Leo Komarov is hit by Sam Gagner and loses puck.
3:48 of 2nd period - Slapshot by Mikael Granlund.
3:48 of 2nd period - Shot Blocked by John Carlson.
3:50 of 2nd period - Slapshot by Andrew MacDonald.
3:50 of 2nd period - Shot Misses the Net.
3:52 of 2nd period - Wrist shot by Brad Marchand.
3:52 of 2nd period - Stopped by James Reimer without a rebound.
3:53 of 2nd period - Nick Bonino wins face-off versus Markus Granlund in Red Wings zone.
4:27 of 2nd period - David Pastrnak is hit by Mikael Granlund and loses puck.
4:44 of 2nd period - Snap shot by Dion Phaneuf.
4:44 of 2nd period - Stopped by Zane McIntyre with a rebound.
5:04 of 2nd period - Nick Bonino is hit by Tyler Myers and loses puck.
5:42 of 2nd period - Off-side.
5:43 of 2nd period - Lukas Sedlak wins face-off versus Mikael Granlund in neutral zone.
6:09 of 2nd period - Icing by Paul Martin.
6:10 of 2nd period - John Tavares wins face-off versus Markus Granlund in Red Wings zone.
6:10 of 2nd period - John Tavares is hit by Matt Irwin.
6:26 of 2nd period - Snap shot by Mark Scheifele.
6:26 of 2nd period - Goal by Mark Scheifele - Red Wings : 3 - Penguins : 1.
6:27 of 2nd period - Tomas Tatar wins face-off versus Mikael Granlund in neutral zone.
6:30 of 2nd period - Brad Marchand is hit by Tomas Tatar.
7:16 of 2nd period - Snap shot by Joel Armia.
7:16 of 2nd period - Shot Misses the Net.
7:18 of 2nd period - Backhand shot by Dmitry Orlov.
7:18 of 2nd period - Stopped by James Reimer with a rebound.
7:20 of 2nd period - Wrist shot by Marian Gaborik.
7:20 of 2nd period - Deflect By Markus Granlund.
7:20 of 2nd period - Stopped by James Reimer with a rebound.
7:22 of 2nd period - Slapshot by Dmitry Orlov.
7:22 of 2nd period - Shot Misses the Net.
7:24 of 2nd period - Wrist shot by Dmitry Orlov.
7:24 of 2nd period - Deflect By Markus Granlund.
7:24 of 2nd period - Goal by Markus Granlund - Red Wings : 3 - Penguins : 2.
7:25 of 2nd period - John Tavares wins face-off versus Mikael Granlund in neutral zone.
7:58 of 2nd period - Snap shot by David Pastrnak.
7:58 of 2nd period - Shot Blocked by Andrew MacDonald.
8:04 of 2nd period - Snap shot by Shane Doan.
8:04 of 2nd period - Deflect By David Pastrnak.
8:04 of 2nd period - Stopped by James Reimer without a rebound.
8:05 of 2nd period - Nick Bonino wins face-off versus Tim Schaller in Red Wings zone.
8:31 of 2nd period - John Carlson is hit by Michael Grabner and loses puck.
8:53 of 2nd period - Icing by Trevor van Riemsdyk.
8:54 of 2nd period - Brandon Dubinsky wins face-off versus Mikael Granlund in Penguins zone.
8:57 of 2nd period - Slapshot by Sam Gagner.
8:57 of 2nd period - Shot Misses the Net.
8:59 of 2nd period - Wrist shot by David Pastrnak.
8:59 of 2nd period - Shot Misses the Net.
9:01 of 2nd period - Slapshot by Paul Martin.
9:01 of 2nd period - Stopped by Zane McIntyre with a rebound.
9:09 of 2nd period - Brad Marchand is hit by Sam Gagner and loses puck.
10:08 of 2nd period - Snap shot by Auston Matthews.
10:08 of 2nd period - Stopped by James Reimer with a rebound.
10:36 of 2nd period - Backhand shot by Benoit Pouliot.
10:36 of 2nd period - Shot Blocked by Ben Hutton.
10:38 of 2nd period - Snap shot by Trevor van Riemsdyk.
10:38 of 2nd period - Shot Blocked by Ben Hutton.
11:16 of 2nd period - Snap shot by Markus Hannikainen.
11:16 of 2nd period - Stopped by Zane McIntyre without a rebound.
11:17 of 2nd period - Mikael Granlund wins face-off versus Lukas Sedlak in Penguins zone.
11:55 of 2nd period - Snap shot by Lukas Sedlak.
11:55 of 2nd period - Shot Misses the Net.
11:57 of 2nd period - Snap shot by Cedric Paquette.
11:57 of 2nd period - Shot Blocked by Michael Grabner.
11:59 of 2nd period - Slapshot by Cedric Paquette.
11:59 of 2nd period - Deflect By Tyler Myers.
11:59 of 2nd period - Shot Blocked by Tyler Myers.
11:59 of 2nd period - Puck is out of play.
12:00 of 2nd period - John Tavares wins face-off versus Mikael Granlund in Penguins zone.
12:07 of 2nd period - Snap shot by John Tavares.
12:07 of 2nd period - Stopped by Zane McIntyre without a rebound.
12:08 of 2nd period - Mikael Granlund wins face-off versus John Tavares in Penguins zone.
12:08 of 2nd period - Mikael Granlund is hit by Dion Phaneuf.
12:11 of 2nd period - Minor Penalty to Dmitry Orlov for Hooking.
12:12 of 2nd period - Mark Scheifele wins face-off versus Markus Granlund in Penguins zone.
12:16 of 2nd period - Wrist shot by Mark Scheifele.
12:16 of 2nd period - Stopped by Zane McIntyre with a rebound.
12:26 of 2nd period - Slapshot by Mark Scheifele.
12:26 of 2nd period - Goal by Mark Scheifele - Red Wings : 4 - Penguins : 2.
12:27 of 2nd period - John Tavares wins face-off versus Brad Marchand in neutral zone.
12:30 of 2nd period - Snap shot by John Carlson.
12:30 of 2nd period - Deflect By Leo Komarov.
12:30 of 2nd period - Stopped by Zane McIntyre without a rebound.
12:31 of 2nd period - John Tavares wins face-off versus Mikael Granlund in Penguins zone.
13:06 of 2nd period - Snap shot by Jake DeBrusk.
13:06 of 2nd period - Shot Misses the Net.
13:08 of 2nd period - Slapshot by Dion Phaneuf.
13:08 of 2nd period - Shot Misses the Net.
13:10 of 2nd period - Snap shot by Jake DeBrusk.
13:10 of 2nd period - Deflect By Nick Bonino.
13:10 of 2nd period - Goal by Nick Bonino - Red Wings : 5 - Penguins : 2.
13:11 of 2nd period - John Tavares wins face-off versus Auston Matthews in neutral zone.
13:18 of 2nd period - Snap shot by Mark Scheifele.
13:18 of 2nd period - Stopped by Zane McIntyre with a rebound.
13:20 of 2nd period - Wrist shot by Mark Scheifele.
13:20 of 2nd period - Deflect By Shane Doan.
13:20 of 2nd period - Shot Misses the Net.
13:20 of 2nd period - Puck is out of play.
13:21 of 2nd period - Auston Matthews wins face-off versus John Tavares in Penguins zone.
13:23 of 2nd period - Double Minor Penalty to Niklas Kronwall for Roughing.
13:24 of 2nd period - John Tavares wins face-off versus Markus Granlund in Penguins zone.
13:26 of 2nd period - Wrist shot by Mark Scheifele.
13:26 of 2nd period - Stopped by Zane McIntyre without a rebound.
13:27 of 2nd period - John Tavares wins face-off versus Markus Granlund in Penguins zone.
13:58 of 2nd period - Wrist shot by Tomas Tatar.
13:58 of 2nd period - Stopped by Zane McIntyre with a rebound.
14:30 of 2nd period - Slapshot by Leo Komarov.
14:30 of 2nd period - Stopped by James Reimer with a rebound.
15:04 of 2nd period - John Carlson is hit by Mikael Granlund.
16:12 of 2nd period - Matt Irwin is hit by John Tavares and loses puck.
17:23 of 2nd period - Penalty to Niklas Kronwall is over, Niklas Kronwall is back on ice.
17:30 of 2nd period - Snap shot by Markus Granlund.
17:30 of 2nd period - Stopped by James Reimer with a rebound.
18:09 of 2nd period - Icing by John Tavares.
18:10 of 2nd period - Auston Matthews wins face-off versus Oscar Lindberg in Red Wings zone.
18:11 of 2nd period - Slapshot by Shane Doan.
18:11 of 2nd period - Shot Misses the Net.
19:35 of 2nd period - Snap shot by Mikael Granlund.
19:35 of 2nd period - Stopped by James Reimer with a rebound.
19:37 of 2nd period - Slapshot by Mikael Granlund.
19:37 of 2nd period - Shot Misses the Net.
19:39 of 2nd period - Snap shot by Mikael Granlund.
19:39 of 2nd period - Shot Misses the Net.
19:45 of 2nd period - Wrist shot by Mikael Granlund.
19:45 of 2nd period - Deflect By Brad Marchand.
19:45 of 2nd period - Stopped by James Reimer with a rebound.
19:47 of 2nd period - Snap shot by Leo Komarov.
19:47 of 2nd period - Stopped by James Reimer with a rebound.
19:49 of 2nd period - Wrist shot by Mikael Granlund.
19:49 of 2nd period - Stopped by James Reimer without a rebound.
19:50 of 2nd period - Auston Matthews wins face-off versus Brandon Dubinsky in Red Wings zone.
19:51 of 2nd period - Snap shot by Michael Grabner.
19:51 of 2nd period - Stopped by James Reimer without a rebound.
19:52 of 2nd period - Brandon Dubinsky wins face-off versus Auston Matthews in Red Wings zone.
Goals for this period are 4 for Red Wings vs 2 for Penguins.
Shots for this period are 14 for Red Wings vs 15 for Penguins.

3rd period


0:01 of 3rd period - Mark Scheifele wins face-off versus Leo Komarov in neutral zone.
0:04 of 3rd period - Slapshot by John Carlson.
0:04 of 3rd period - Shot Misses the Net.
0:26 of 3rd period - Dmitry Orlov is hit by Sam Gagner and loses puck.
0:50 of 3rd period - Icing by Matt Nieto.
0:51 of 3rd period - Nick Bonino wins face-off versus Marian Gaborik in Red Wings zone.
1:02 of 3rd period - Snap shot by Marian Gaborik.
1:02 of 3rd period - Stopped by James Reimer without a rebound.
1:03 of 3rd period - Mikael Granlund wins face-off versus John Tavares in Red Wings zone.
1:37 of 3rd period - Dion Phaneuf is hit by Auston Matthews and loses puck.
2:20 of 3rd period - Slapshot by Markus Hannikainen.
2:20 of 3rd period - Stopped by Zane McIntyre without a rebound.
2:21 of 3rd period - John Tavares wins face-off versus Mikael Granlund in Penguins zone.
3:32 of 3rd period - Slapshot by Tyler Myers.
3:32 of 3rd period - Shot Misses the Net.
3:34 of 3rd period - Slapshot by Tyler Myers.
3:34 of 3rd period - Shot Blocked by Mark Scheifele.
3:54 of 3rd period - Snap shot by Markus Hannikainen.
3:54 of 3rd period - Stopped by Zane McIntyre with a rebound.
3:56 of 3rd period - Wrist shot by Lukas Sedlak.
3:56 of 3rd period - Shot Misses the Net.
3:58 of 3rd period - Slapshot by Lukas Sedlak.
3:58 of 3rd period - Shot Blocked by Mikael Granlund.
4:49 of 3rd period - Slapshot by Tyler Myers.
4:49 of 3rd period - Shot Misses the Net.
5:16 of 3rd period - Wrist shot by Cedric Paquette.
5:16 of 3rd period - Stopped by Zane McIntyre without a rebound.
5:17 of 3rd period - Mikael Granlund wins face-off versus Tomas Tatar in Penguins zone.
5:47 of 3rd period - Off-side.
5:48 of 3rd period - Michael Grabner wins face-off versus Brandon Dubinsky in neutral zone.
5:51 of 3rd period - Snap shot by Auston Matthews.
5:51 of 3rd period - Shot Misses the Net.
5:53 of 3rd period - Slapshot by Auston Matthews.
5:53 of 3rd period - Shot Misses the Net.
5:55 of 3rd period - Slapshot by Matt Irwin.
5:55 of 3rd period - Shot Misses the Net.
6:13 of 3rd period - Shane Doan is hit by Sam Gagner and loses puck.
6:27 of 3rd period - Minor Penalty to Brandon Dubinsky for Hooking.
6:28 of 3rd period - Nick Bonino wins face-off versus Auston Matthews in Red Wings zone.
6:36 of 3rd period - Wrist shot by Brad Marchand.
6:36 of 3rd period - Shot Blocked by Connor Murphy.
6:38 of 3rd period - Wrist shot by Auston Matthews.
6:38 of 3rd period - Stopped by James Reimer with a rebound.
8:27 of 3rd period - Penalty to Brandon Dubinsky is over, Brandon Dubinsky is back on ice.
8:47 of 3rd period - Icing by Nick Bonino.
8:48 of 3rd period - Nick Bonino wins face-off versus Markus Granlund in Red Wings zone.
9:16 of 3rd period - Icing by Marcus Foligno.
9:17 of 3rd period - John Tavares wins face-off versus Tim Schaller in Penguins zone.
9:42 of 3rd period - Snap shot by Marcus Foligno.
9:42 of 3rd period - Goal by Marcus Foligno - Red Wings : 5 - Penguins : 3.
9:43 of 3rd period - Brandon Dubinsky wins face-off versus Mikael Granlund in neutral zone.
9:55 of 3rd period - Off-side.
9:56 of 3rd period - Mikael Granlund wins face-off versus John Tavares in neutral zone.
10:41 of 3rd period - Wrist shot by Brad Marchand.
10:41 of 3rd period - Shot Blocked by Christian Djoos.
10:47 of 3rd period - Snap shot by Mikael Granlund.
10:47 of 3rd period - Stopped by James Reimer with a rebound.
10:49 of 3rd period - Wrist shot by Leo Komarov.
10:49 of 3rd period - Shot Misses the Net.
10:51 of 3rd period - Slapshot by Tyler Myers.
10:51 of 3rd period - Shot Misses the Net.
10:53 of 3rd period - Slapshot by Andrew MacDonald.
10:53 of 3rd period - Stopped by James Reimer without a rebound.
10:54 of 3rd period - John Tavares wins face-off versus Shane Doan in Red Wings zone.
10:56 of 3rd period - Minor Penalty to Dion Phaneuf for Hooking.
10:57 of 3rd period - Nick Bonino wins face-off versus Markus Granlund in Red Wings zone.
11:08 of 3rd period - Icing by Markus Granlund.
11:09 of 3rd period - Michael Grabner wins face-off versus Cedric Paquette in Penguins zone.
11:28 of 3rd period - Cedric Paquette is hit by Markus Granlund and loses puck.
11:33 of 3rd period - Wrist shot by Michael Grabner.
11:33 of 3rd period - Shot Misses the Net.
11:35 of 3rd period - Wrist shot by Markus Granlund.
11:35 of 3rd period - Shot Misses the Net.
11:37 of 3rd period - Slapshot by Andrew MacDonald.
11:37 of 3rd period - Stopped by James Reimer with a rebound.
11:49 of 3rd period - Backhand shot by Markus Granlund.
11:49 of 3rd period - Goal by Markus Granlund - Red Wings : 5 - Penguins : 4.
11:50 of 3rd period - John Tavares wins face-off versus Mikael Granlund in neutral zone.
11:53 of 3rd period - Snap shot by John Carlson.
11:53 of 3rd period - Stopped by Zane McIntyre with a rebound.
12:05 of 3rd period - Slapshot by Mark Scheifele.
12:05 of 3rd period - Stopped by Zane McIntyre without a rebound.
12:06 of 3rd period - Auston Matthews wins face-off versus Brandon Dubinsky in Penguins zone.
12:40 of 3rd period - Wrist shot by Marian Gaborik.
12:40 of 3rd period - Shot Blocked by Dion Phaneuf.
12:42 of 3rd period - Slapshot by Dmitry Orlov.
12:42 of 3rd period - Deflect By Marian Gaborik.
12:42 of 3rd period - Stopped by James Reimer with a rebound.
12:44 of 3rd period - Wrist shot by Niklas Kronwall.
12:44 of 3rd period - Shot Misses the Net.
12:46 of 3rd period - Slapshot by Niklas Kronwall.
12:46 of 3rd period - Shot Misses the Net.
12:48 of 3rd period - Backhand shot by Markus Granlund.
12:48 of 3rd period - Stopped by James Reimer with a rebound.
12:58 of 3rd period - Snap shot by Tomas Tatar.
12:58 of 3rd period - Shot Misses the Net.
13:22 of 3rd period - Slapshot by Benoit Pouliot.
13:22 of 3rd period - Shot Misses the Net.
13:24 of 3rd period - Slapshot by Matt Irwin.
13:24 of 3rd period - Shot Misses the Net.
13:26 of 3rd period - Slapshot by Tim Schaller.
13:26 of 3rd period - Stopped by James Reimer without a rebound.
13:27 of 3rd period - Auston Matthews wins face-off versus Nick Bonino in Red Wings zone.
14:04 of 3rd period - Wrist shot by Tomas Tatar.
14:04 of 3rd period - Stopped by Zane McIntyre with a rebound.
14:06 of 3rd period - Wrist shot by Mark Scheifele.
14:06 of 3rd period - Deflect By Trevor van Riemsdyk.
14:06 of 3rd period - Stopped by Zane McIntyre without a rebound.
14:07 of 3rd period - Brandon Dubinsky wins face-off versus Auston Matthews in Penguins zone.
14:12 of 3rd period - Wrist shot by Sam Gagner.
14:12 of 3rd period - Shot Blocked by Shane Doan.
14:32 of 3rd period - Andrew MacDonald is hit by John Tavares and loses puck.
15:18 of 3rd period - Slapshot by Auston Matthews.
15:18 of 3rd period - Shot Misses the Net.
16:34 of 3rd period - Snap shot by Jake DeBrusk.
16:34 of 3rd period - Stopped by Zane McIntyre without a rebound.
16:35 of 3rd period - Mikael Granlund wins face-off versus Nick Bonino in Penguins zone.
16:35 of 3rd period - Mikael Granlund is hit by Connor Murphy.
16:41 of 3rd period - Wrist shot by Brad Marchand.
16:41 of 3rd period - Deflect By Mikael Granlund.
16:41 of 3rd period - Stopped by James Reimer without a rebound.
16:42 of 3rd period - John Tavares wins face-off versus Mikael Granlund in Red Wings zone.
16:42 of 3rd period - John Tavares is hit by Brad Marchand.
17:28 of 3rd period - Wrist shot by Brad Marchand.
17:28 of 3rd period - Shot Misses the Net.
17:30 of 3rd period - Snap shot by Leo Komarov.
17:30 of 3rd period - Stopped by James Reimer with a rebound.
17:32 of 3rd period - Slapshot by Mikael Granlund.
17:32 of 3rd period - Stopped by James Reimer with a rebound.
17:34 of 3rd period - Snap shot by Leo Komarov.
17:34 of 3rd period - Shot Misses the Net.
17:36 of 3rd period - Wrist shot by Brad Marchand.
17:36 of 3rd period - Shot Misses the Net.
17:50 of 3rd period - Wrist shot by Brad Marchand.
17:50 of 3rd period - Stopped by James Reimer with a rebound.
17:52 of 3rd period - Wrist shot by Brad Marchand.
17:52 of 3rd period - Shot Misses the Net.
17:54 of 3rd period - Wrist shot by Mikael Granlund.
17:54 of 3rd period - Deflect By Brad Marchand.
17:54 of 3rd period - Shot Blocked by Nick Bonino.
17:54 of 3rd period - Puck is out of play.
17:55 of 3rd period - John Tavares wins face-off versus Markus Granlund in Red Wings zone.
18:00 of 3rd period - Snap shot by Mark Scheifele.
18:00 of 3rd period - Goal by Mark Scheifele - Red Wings : 6 - Penguins : 4.
18:01 of 3rd period - Nick Bonino wins face-off versus Markus Granlund in neutral zone.
18:04 of 3rd period - Wrist shot by Matt Nieto.
18:04 of 3rd period - Stopped by Zane McIntyre with a rebound.
18:49 of 3rd period - Snap shot by Sam Gagner.
18:49 of 3rd period - Shot Misses the Net.
Goals for this period are 1 for Red Wings vs 2 for Penguins.
Shots for this period are 10 for Red Wings vs 14 for Penguins.